 Dungeon Crawl Stone Soup version 0.31-a0-145-g046c7d2549 (webtiles) character file.

Game seed: 9722344810433733107

1816 mopl the Summoner (level 9, -1/57 HPs)
             Began as a Merfolk Summoner on June 5, 2023.
             Was a Follower of Sif Muna.
             Killed from afar by an orc wizard (5 damage)
             ... with a puff of flame
             ... on level 6 of the Dungeon.
             The game lasted 00:11:38 (5368 turns).

mopl the Summoner (Merfolk Summoner)                Turns: 5368, Time: 00:11:39

Health: -1/57      AC:  2    Str:  9    XL:     9   Next: 10%
Magic:  5/18       EV: 12    Int: 18    God:    Sif Muna [*.....]
Gold:   408        SH:  0    Dex: 14    Spells: 4/21 levels left

rFire   + . .        q - +0 trident
rCold   . . .        (no shield)
rNeg    . . .        e - +0 robe {Will+}
rPois   .            (no helmet)
rElec   .            (no cloak)
rCorr   .            (no gloves)
SInv    .            (no boots)
Will    +....        (no amulet)
Stlth   ++           l - ring of protection from fire
HPRegen 0.29/turn    (no ring)
MPRegen 0.16/turn

%: no passive effects
@: very slightly contaminated
A: (nimble swimmer 2), mertail
a: Renounce Religion, Channel Magic


You were on level 6 of the Dungeon.
You worshipped Sif Muna.
Sif Muna was aware of your devotion.
You visited 2 branches of the dungeon, and saw 7 of its levels.

You collected 408 gold pieces.

Inventory:

Hand Weapons
 a - a +0 halberd
 q - a +0 trident (weapon)
 u - a +2 heavy scythe
Missiles
 j - 3 throwing nets
 n - 5 boomerangs
Armour
 e - a +0 robe of willpower (worn)
 v - a +0 tower shield
Jewellery
 l - a ring of protection from fire (left hand)
Scrolls
 d - 3 scrolls of poison {unknown}
 f - a scroll of enchant armour {unknown}
 g - 4 scrolls of identify {unknown}
 i - a scroll of magic mapping {unknown}
 k - 6 scrolls of amnesia {unknown}
 m - 2 scrolls of fear {unknown}
 r - a scroll of fog {unknown}
 s - 3 scrolls of vulnerability {unknown}
 w - a scroll of immolation {unknown}
Potions
 b - a potion of magic
 c - a potion of attraction {unknown}
 h - a potion of degeneration {unknown}
 o - 2 potions of enlightenment {unknown}
 p - a potion of curing
 t - a potion of brilliance {unknown}


   Skills:
 + Level 5.6 Polearms
 - Level 2.6 Dodging
 - Level 2.1 Stealth
 * Level 6.6 Spellcasting
 * Level 8.0 Summonings
 + Level 4.1 Invocations


You had 4 spell levels left.
You knew the following spells:

 Your Spells              Type           Power      Damage    Failure   Level
a - Summon Small Mammal   Summ           100%       N/A       1%          1
b - Call Imp              Summ           68%        N/A       1%          2
c - Call Canine Familiar  Summ           34%        N/A       1%          3
f - Summon Lightning Spi  Summ/Air       20%        N/A       22%         4
g - Summon Guardian Gole  Hex/Summ       20%        N/A       6%          3
m - Animate Armour        Summ/Erth      40%        N/A       22%         4

Your spell library contained the following spells:

 Spells                   Type           Power      Damage    Failure   Level
 Lehudib's Crystal Spear  Conj/Erth      2%         10d2      100%        8


Dungeon Overview and Level Annotations

Branches:
Dungeon (6/15)             Temple (1/1) D:4

Altars:
Ashenzari
Cheibriados
Dithmenos
Fedhas
Gozag
Hepliaklqana
Kikubaaqudgha
Nemelex Xobeh
Qazlal
Ru
Sif Muna
Vehumet
Xom
Yredelemnul
The Shining One

Shops:
D:1 =   D:3 :

Annotations:
D:3 3 runed translucent doors, mopl's ghost, amateur OpBr


Innate Abilities, Weirdness & Mutations

((You are very nimble when in or above water. (Stealth+, EV+, Speed+++)))
Your lower body shifts to a powerful aquatic tail in water.


Message History

Your hound dies!
Your hound's corpse disappears in a puff of smoke!
Your cerulean imp misses the orc wizard.
The orc wizard shouts!
Unknown command.
Casting: Call Imp (safe; 1% risk of failure)
Confirm with . or Enter, or press ? or * to list all spells.
The orc wizard gestures at you while chanting.
The puff of flame hits your cerulean imp!
Your cerulean imp hits the orc wizard with a -1 spear.
Unknown command.
Casting: Call Canine Familiar (safe; 1% risk of failure)
Confirm with . or Enter, or press ? or * to list all spells.
You miscast Summon Guardian Golem.
You are very lightly contaminated with residual magic.
Nothing appears to happen.
The orc wizard barely misses your cerulean imp.
The orc wizard hits your cerulean imp but does no damage.
You hear some strange, mumbled words.
A puff of flame appears from out of thin air!
The puff of flame hits your cerulean imp.
Your cerulean imp dies!
Your cerulean imp disappears in a puff of smoke!
Your hound bites something.
Unknown command.
Casting: Summon Guardian Golem (dangerous; 6% risk of failure)
Confirm with . or Enter, or press ? or * to list all spells.
A tiny devil pulls itself out of the air.
Your hound misses something.
You hear some strange, mumbled words.
A puff of flame appears from out of thin air!
Deactivating autopickup; reactivate with Ctrl-A.
The puff of flame hits you. You resist.
* * * LOW HITPOINT WARNING * * *
Unknown command.
You barely miss the orc wizard.
The orc wizard is heavily wounded.
The orc wizard gestures at you while chanting.
The puff of flame hits you. You resist.
You die...

o................'.......
.#####o.##....#.##.......
#..##†#.## #...)..
#..##...# ##.....
#..###..# ##...#
#..h....##.# ##'##
##.........# #.#
#####.##### #.# #@oo....#
##÷## #.h{....# ##...#
#.5.....#####.....
#..........))....#
##......######..##
#......# #..## #......#
#.... ######## ##.##
########## #.#


You could see an orc wizard (ally target), an orc, a friendly hound (summoned)
and a friendly cerulean imp (summoned).

Vanquished Creatures
  A water moccasin (D:6)
  2 ice beasts (D:5)
  An ogre (D:5)
  A scorpion (D:5)
  2 hounds
  2 orc priests
  An iguana (D:5)
  A gnoll (D:2)
  5 adders
  A white imp (D:6)
  2 dart slugs
  3 orcs
  3 ball pythons
  10 endoplasms
  5 giant cockroaches
  2 goblins
  3 hobgoblins
  9 kobolds
  2 quokkas
  3 bats
  3 frilled lizards (D:3)
  3 rats
65 creatures vanquished.

Vanquished Creatures (collateral kills)
  Sigmund (D:5)
  2 water moccasins
  A sky beast (D:6)
  3 ogres
  A jelly (D:5)
  2 orc priests (D:6)
  3 gnolls
  2 adders (D:5)
  A shadow imp (D:5)
  2 worms
  4 orcs
  A ball python (D:1)
  2 endoplasms
  2 jackals (D:2)
  2 kobolds
  2 goblins
31 creatures vanquished.

Vanquished Creatures (others)
  A wyvern (D:4)
  Blork the orc (D:5)
  A hobgoblin (D:4)
3 creatures vanquished.

Grand Total: 99 creatures vanquished

Notes
Turn   | Place    | Note
-------+----------+-------------------------------------------
     0 | D:1      | mopl the Merfolk Summoner began the quest for the Orb.
     0 | D:1      | Reached XP level 1. HP: 13/13 MP: 3/3
    80 | D:1      | Found Wuhets's Jewellery Boutique.
    84 | D:1      | Reached XP level 2. HP: 19/19 MP: 3/5
   107 | D:1      | Learned a level 2 spell: Call Imp
   152 | D:1      | Got Jaymempa's Directory of Volcanic Damage
   584 | D:2      | Reached XP level 3. HP: 17/24 MP: 3/6
   724 | D:2      | Learned a level 3 spell: Call Canine Familiar
   889 | D:2      | Reached skill level 3 in Spellcasting
   893 | D:2      | Reached XP level 4. HP: 30/30 MP: 1/8
   909 | D:2      | Learned a level 3 spell: Summon Guardian Golem
  1416 | D:2      | Reached skill level 5 in Summonings
  2118 | D:3      | Found Ulesuy's Book Shop.
  2233 | D:3      | Found a runed translucent gate.
  2233 | D:3      | Found a runed translucent gate.
  2233 | D:3      | Found a runed translucent gate.
  2238 | D:3      | Noticed a kobold brigand
  2240 | D:3      | Noticed mopl's ghost (amateur OpBr)
  2337 | D:3      | Reached XP level 5. HP: 22/35 MP: 7/10
  2448 | D:3      | Reached skill level 1 in Polearms
  2831 | D:4      | Found a staircase to the Ecumenical Temple.
  2832 | D:4      | Noticed an ogre
  2868 | D:4      | Killed an ogre
  2869 | D:4      | Reached skill level 2 in Polearms
  2869 | D:4      | Reached XP level 6. HP: 41/41 MP: 5/11
  2882 | Temple   | Entered the Ecumenical Temple
  2892 | Temple   | Became a worshipper of Sif Muna the Loreminder
  3094 | D:4      | Noticed a wyvern
  3106 | D:4      | Killed a wyvern
  3107 | D:4      | Reached skill level 3 in Polearms
  3107 | D:4      | Reached skill level 4 in Spellcasting
  3107 | D:4      | Reached skill level 1 in Invocations
  3342 | D:4      | Found a basalt altar of Yredelemnul.
  3349 | D:4      | Found an opulent altar of Gozag.
  3354 | D:4      | Found a broken altar of Ashenzari.
  3455 | D:5      | Entered Level 5 of the Dungeon
  3455 | D:5      | Noticed Blork the orc
  3472 | D:4      | Reached skill level 6 in Summonings
  3472 | D:4      | Reached XP level 7. HP: 22/46 MP: 4/13
  3574 | D:5      | Killed Blork the orc
  3657 | D:5      | Found a sacrificial altar of Ru.
  3694 | D:5      | Reached skill level 2 in Invocations
  3713 | D:5      | Reached skill level 5 in Spellcasting
  3804 | D:5      | Learned a level 4 spell: Summon Lightning Spire
  3876 | D:5      | Reached skill level 4 in Polearms
  4008 | D:5      | Noticed Sigmund
  4017 | D:5      | Killed Sigmund
  4018 | D:5      | Reached XP level 8. HP: 49/52 MP: 7/16
  4023 | D:5      | Reached skill level 7 in Summonings
  4083 | D:5      | Reached skill level 3 in Invocations
  4088 | D:5      | Learned a level 4 spell: Animate Armour
  4110 | D:5      | Found a glowing golden altar of the Shining One.
  4307 | D:5      | Reached skill level 5 in Polearms
  4307 | D:5      | Reached skill level 6 in Spellcasting
  4635 | D:5      | Found a blossoming altar of Fedhas.
  4703 | D:6      | Found a stormy altar of Qazlal.
  5283 | D:6      | Reached * piety under Sif Muna
  5284 | D:6      | Reached XP level 9. HP: 46/57 MP: 10/18
  5335 | D:6      | Reached skill level 8 in Summonings
  5335 | D:6      | Reached skill level 4 in Invocations
  5368 | D:6      | Killed from afar by an orc wizard

Illustrated notes

Levels and vault maps discovered:
D:1:      elethiomel_arrival_shortcut, layout_rooms, serial_shops, shop_statue
D:2:      layout_basic
D:3:      layout_basic, gammafunk_ghost_nasty_kobolds, serial_shops, shop,
          minmay_increasing_density
D:4:      layout_loops_ring, grunt_temple_overflow_diamond,
          minmay_temple_entry_drinking_statues, minmay_door_square
D:5:      layout_loops_cross, mainiacjoe_overflow_alcove_4,
          hangedman_ru_absence, tso_metal_star, palyth_stone_intersect,
          kennysheep_generic_room_10, uniq_blork_the_orc, uniq_sigmund
D:6:      layout_loops_corners, grunt_qazlal_clouds, kennysheep_mini_moat,
          roderic_roman_lattice, nrook_mini_vaults
Temple:   hellmonk_temple_two_chambers

Skill      XL: |  1  2  3  4  5  6  7  8  9 |
---------------+----------------------------+-----
Spellcasting   | 3 4 5 6 |  6.6
Summonings     | 5 6 7 8 |  8.0
Polearms       | 2 3 4 5 |  5.6
Invocations    | 1 2 3 4 |  4.1
Dodging        | |  2.6
Stealth        | |  2.1

Action                     |  1- 3 |  4- 6 |  7- 9 || total
---------------------------+-------+-------+-------++-------
  Melee: Unarmed           |    16 |       |       ||    16
         Mace              |    56 |       |       ||    56
         Punch             |     2 |       |     1 ||     3
         Halberd           |       |   114 |       ||   114
         Trident           |       |    39 |   117 ||   156
   Cast: Summon Small Mamm |     8 |     2 |     2 ||    12
         Call Imp          |     6 |     5 |     9 ||    20
         Call Canine Famil |     3 |    11 |    26 ||    40
         Summon Guardian G |       |     1 |     2 ||     3
   Stab: Sleeping          |       |     4 |     1 ||     5
         Distracted        |       |       |     2 ||     2
 Armour: Robe              |    20 |    14 |    10 ||    44
  Dodge: Dodged            |    66 |    82 |    29 ||   177

Table legend: (Time is in decaauts)
 A = Elapsed time spent in this place.
 B = Non-inter-level travel time spent in this place.
 C = Inter-level travel time spent in this place.
 D = Time resting spent in this place.
 E = Time spent auto-exploring this place.
 F = Levels seen in this place.
 G = Mean time per level.
                   A        B        C        D        E       F      G
               +--------+--------+--------+--------+--------+-----+--------+
         Total |   5466 |   5255 |    211 |   1126 |   2804 |   7 |  780.9 |
       Dungeon |   5445 |   5234 |    211 |   1126 |   2804 |   6 |  907.5 |
        Temple |     20 |     20 |      0 |      0 |      0 |   1 |   20.0 |
               +--------+--------+--------+--------+--------+-----+--------+

Top non-repeatable levels by time:
     D:5: 1148 daAuts
     D:3: 1071 daAuts
     D:4: 916 daAuts
     D:2: 866 daAuts
     D:1: 775 daAuts
     D:6: 666 daAuts
  Temple: 20 daAuts
